 Dungeon Crawl Stone Soup version 0.25.0-9-g26727b657a (webtiles) character file.

Game seed: 910487480454969475

40604 MisterFreud the Warrior (level 13, -5/126 HPs)
             Began as a Minotaur Abyssal Knight on June 20, 2020.
             Was the Champion of Lugonu.
             Slain by a large abomination (8 damage)
             ... on level 12 of the Dungeon.
             The game lasted 00:28:20 (22573 turns).

MisterFreud the Warrior (Minotaur Abyssal Knight)  Turns: 22573, Time: 00:28:21

Health: -5/126     AC: 18    Str: 20    XL:     13   Next: 75%
Magic:  19/19      EV: 10    Int: 13    God:    Lugonu [******]
Gold:   928        SH:  0    Dex: 12    Spells: 12/12 levels left

rFire    + + .     SeeInvis .   a - +0 great sword
rCold    . . .     Gourm    .   (shield currently unavailable)
rNeg     . . .     Faith    .   y - +0 plate armour
rPois    +         Spirit   .   (helmet restricted)
rElec    +         Reflect  .   R - scarf {harm}
rCorr    .         Harm     .   n - +0 pair of gloves
MR       +....                  Z - +1 pair of boots {run}
Stlth    ..........             (no amulet)
HPRegen  0.31/turn              T - ring of Kegypig {rElec rPois rF++ MR+ Int+4}
MPRegen  0.16/turn              B - +4 ring of slaying

@: quick
A: retaliatory headbutt, horns 2
a: Depart the Abyss, Bend Space, Banish, Corrupt, Enter the Abyss, Brand Weapon
With Distortion, Renounce Religion


You were on level 12 of the Dungeon.
You worshipped Lugonu.
Lugonu was exalted by your worship.
You were not hungry.

You visited 2 branches of the dungeon, and saw 18 of its levels.
You visited the Abyss 1 time.

You collected 928 gold pieces.

Inventory:

Hand Weapons
 a - a +0 great sword (weapon)
Missiles
 K - 2 throwing nets (quivered)
 N - 9 boomerangs
 Q - 8 javelins
Armour
 n - a +0 pair of gloves (worn)
 y - a +0 plate armour (worn)
 R - a scarf of harm (worn)
 Z - a +1 pair of boots of running (worn)
Jewellery
 j - an uncursed ring of positive energy
 p - an uncursed ring of protection from cold
 B - a +4 ring of slaying (right hand)
 C - an uncursed ring of wizardry
 T - the ring of Kegypig (left hand) {rElec rPois rF++ MR+ Int+4}
   (You found it on level 10 of the Dungeon)

   [ring of protection from magic]

   It affects your intelligence (+4).
   It greatly protects you from fire.
   It insulates you from electricity.
   It protects you from poison.
   It affects your resistance to hostile enchantments.
 Y - an uncursed ring of protection from magic
Wands
 w - a wand of disintegration (3)
 D - a wand of acid (18)
 G - a wand of random effects (30)
 I - a wand of flame (20)
 J - a wand of polymorph (28)
 X - a wand of iceblast (23)
Scrolls
 b - a scroll of acquirement {unknown}
 f - 7 scrolls of teleportation {unknown}
 g - 24 scrolls of identify {unknown}
 h - 8 scrolls of remove curse {unknown}
 q - 7 scrolls of enchant armour {unknown}
 r - 5 scrolls of random uselessness {unknown}
 s - 3 scrolls of amnesia {unknown}
 x - a scroll of fear {unknown}
 H - a scroll of magic mapping {unknown}
 M - a scroll of silence {unknown}
 O - 4 scrolls of noise {unknown}
 P - 2 scrolls of enchant weapon {unknown}
 S - a scroll of torment {unknown}
 V - a scroll of fog {unknown}
 W - 4 scrolls of blinking {unknown}
Potions
 d - 2 potions of cancellation {unknown}
 e - 7 potions of ambrosia {unknown}
 k - 9 potions of curing {unknown}
 m - a potion of mutation {unknown}
 o - 5 potions of heal wounds {unknown}
 t - 3 potions of lignification {unknown}
 u - a potion of berserk rage {unknown}
 v - 6 potions of degeneration {unknown}
 z - 2 potions of brilliance {unknown}
 A - 2 potions of magic {unknown}
 E - 2 potions of stabbing {unknown}
 F - a potion of haste {unknown}
 U - 3 potions of flight {unknown}
Miscellaneous
 i - 2 boxes of beasts
 l - a lightning rod (4/4)
Comestibles
 c - 37 rations


   Skills:
 - Level 15.0 Fighting
   Level 0.5(8.5) Short Blades
 - Level 13.9(14.0) Long Blades
 - Level 10.0 Armour
 - Level 10.0 Dodging
 - Level 10.0 Invocations
 + Level 5.9 Evocations


You had 12 spell levels left.
You didn't know any spells.
Your spell library contained the following spells:

 Spells                   Type           Power        Failure   Level  Hunger
 Animate Skeleton         Necr           N/A          99%         1    ##.....
 Apportation              Tloc           #.....       99%         1    ##.....
 Corona                   Hex            #......      99%         1    ##.....
 Freeze                   Ice            #...         99%         1    ##.....
 Summon Small Mammal      Summ           #...         99%         1    ##.....
 Frozen Ramparts          Ice            #.....       100%        3    ####...
 Ozocubu's Armour         Chrm/Ice       #.......     100%        3    ####...
 Hailstorm                Conj/Ice       #.......     100%        4    #####..
 Summon Ice Beast         Ice/Summ       #.......     100%        4    #####..


Dungeon Overview and Level Annotations

Branches:
Dungeon (12/15)            Temple (0/1) D:4            Lair (6/6) D:10
 Shoals (0/4) Lair:3        Snake (0/4) Lair:2        Slime (0/5) Lair:5
    Orc: D:9-12

Altars:
Ashenzari
Cheibriados
Dithmenos
Fedhas
Hepliaklqana
Kikubaaqudgha
Sif Muna
Uskayaw
Xom
Yredelemnul

Shops:
D:7 (

Annotations:
D:6 5 runed translucent doors
Lair:6 2 runed translucent doors
Abyss:1 Rupert, Urug


Innate Abilities, Weirdness & Mutations

You reflexively headbutt those who attack you in melee.
You have a pair of horns on your head.


Message History

The large abomination hits you!!
You climb downwards.
There is a stone staircase leading up here.
You hit the large abomination.
You headbutt the large abomination, but do no damage.
The large abomination is lightly damaged.
The large abomination hits you!!
You slice the large abomination!!
The large abomination is severely damaged.
The large abomination hits you!!
* * * LOW HITPOINT WARNING * * *
You slash the large abomination!
The large abomination is almost destroyed.
The large abomination hits you!!
* * * LOW HITPOINT WARNING * * *
You hit the large abomination.
The large abomination is almost destroyed.
The large abomination hits you but does no damage.
The large abomination hits you!
You die...

########## #........#
#.^......#
#........###############
#........#@X...........#
#.........÷.....######.#
...................#
................##.#
.........####.### ..
........... .... ##
.############.#.. #.#.#.
#


You could see a large abomination.

Vanquished Creatures
  Fannar (D:10)
  3 two-headed ogres
  4 death yaks
  Nergalle (D:10)
  Sonja (Lair:5)
  A wizard (D:11)
  A lindwurm (Lair:6)
  An ugly thing (D:10)
  11 elephants
  5 black mambas
  2 torpor snails
  A centaur zombie (D:10)
  3 molten gargoyles (Lair:6)
  12 komodo dragons
  8 spiny frogs
  2 rime drakes
  A large abomination (D:11)
  A polar bear (Lair:6)
  6 blink frogs
  Grinder (D:6)
  3 hippogriffs
  4 wyverns (Lair:6)
  6 small abominations
  29 yaks
  A hungry ghost (D:8)
  4 basilisks
  2 steam dragons (Lair:6)
  12 water moccasins
  9 porcupines
  4 hell hounds
  An orc warrior (D:10)
  3 phantoms
  2 sky beasts
  3 ice beasts
  4 ogres
  9 centaurs
  9 crocodiles
  A big kobold (D:8)
  12 bullfrogs
  2 gnoll sergeants
  4 scorpions
  14 killer bees
  8 wights
  3 electric eels (Lair:6)
  8 crimson imps
  4 howler monkeys
  5 lava snakes (Lair:6)
  A bullfrog zombie (D:8)
  A quasit (D:10)
  5 hounds
  14 jellies
  3 bullfrog skeletons
  3 orc priests
  4 iguanas
  9 orc wizards
  Jessica (D:2)
  Natasha (D:2)
  9 worker ants
  2 hound zombies (D:5)
  2 worker ant zombies
  11 gnolls
  9 adders
  5 shadow imps
  3 oozes
  3 adder skeletons
  An adder zombie (D:8)
  8 worms
  5 dart slugs
  7 leopard geckos
  26 orcs
  4 giant cockroaches
  7 goblins
  8 hobgoblins
  3 jackals (D:5)
  8 kobolds
  2 quokkas
  6 bats
  6 frilled lizards
  2 leopard gecko skeletons
  6 rats
417 creatures vanquished.

Vanquished Creatures (others)
  2 hydras
  A bush (Lair:6)
  11 fungi
  13 plants
27 creatures vanquished.

Grand Total: 444 creatures vanquished

Notes
Turn   | Place    | Note
-------+----------+-------------------------------------------
     0 | Abyss:1  | MisterFreud the Minotaur Abyssal Knight began the quest for
                  | the Orb.
     0 | Abyss:1  | Reached XP level 1. HP: 19/19 MP: 1/1
    23 | D:1      | Escaped the Abyss
   129 | D:1      | Reached skill level 4 in Fighting
   161 | D:1      | Reached XP level 2. HP: 24/28 MP: 2/2
   495 | D:1      | Reached skill level 5 in Fighting
   593 | D:1      | Reached ** piety under Lugonu
   748 | D:1      | Reached XP level 3. HP: 34/36 MP: 3/3
  1096 | D:2      | Noticed Jessica
  1102 | D:2      | Killed Jessica
  1102 | D:2      | Reached skill level 6 in Fighting
  1102 | D:2      | Reached XP level 4. HP: 36/44 MP: 4/4
  1564 | D:2      | Noticed Natasha
  1575 | D:2      | Killed Natasha
  1769 | D:3      | Reached XP level 5. HP: 46/51 MP: 5/5
  1834 | D:3      | Found a shadowy altar of Dithmenos.
  1907 | D:3      | Reached skill level 7 in Fighting
  2265 | D:4      | Found a blossoming altar of Fedhas.
  2265 | D:4      | Noticed a centaur
  2343 | D:4      | Reached *** piety under Lugonu
  2343 | D:4      | Reached skill level 8 in Fighting
  2571 | D:4      | Reached XP level 6. HP: 57/61 MP: 6/6
  2634 | D:4      | Found a shattered altar of Ashenzari.
  2634 | D:4      | Found a hide-covered altar of Uskayaw.
  2698 | D:4      | Found a staircase to the Ecumenical Temple.
  2842 | D:4      | Found a hazy altar of Hepliaklqana.
  2844 | D:4      | Found an ancient bone altar of Kikubaaqudgha.
  2895 | D:4      | Found a snail-covered altar of Cheibriados.
  2916 | D:4      | Reached skill level 5 in Long Blades
  3495 | D:4      | Reached XP level 7. HP: 56/68 MP: 7/7
  3626 | D:5      | Entered Level 5 of the Dungeon
  3803 | D:5      | Reached skill level 5 in Armour
  4296 | D:5      | Found a shimmering altar of Xom.
  4307 | D:5      | Found a shimmering altar of Xom.
  4309 | D:5      | Found a shimmering altar of Xom.
  4343 | D:5      | Reached XP level 8. HP: 63/74 MP: 8/8
  4401 | D:5      | Found a shimmering altar of Xom.
  4844 | D:6      | Reached **** piety under Lugonu
  5110 | D:6      | Noticed Grinder
  5126 | D:6      | Killed Grinder
  5592 | D:6      | Found the +9 staff of Olgreb {rPois∞}
  5601 | D:6      | Found a runed translucent gate.
  5601 | D:6      | Found a runed translucent gate.
  5602 | D:6      | Found a runed translucent door.
  5612 | D:6      | Found a runed translucent gate.
  5620 | D:6      | Found a runed translucent door.
  5787 | D:7      | Found Zomyxi's Weapon Emporium.
  5851 | D:7      | Reached XP level 9. HP: 58/81 MP: 11/11
  5862 | D:7      | Reached skill level 5 in Invocations
  6438 | D:7      | Reached skill level 10 in Long Blades
  7414 | D:8      | Found a basalt altar of Yredelemnul.
  7867 | D:8      | Found a shimmering blue altar of Sif Muna.
  8045 | D:9      | Noticed a two-headed ogre
  8046 | D:9      | Noticed a two-headed ogre
  8065 | D:9      | Killed a two-headed ogre
  8065 | D:9      | Reached ***** piety under Lugonu
  8065 | D:9      | Reached XP level 10. HP: 33/88 MP: 13/13
  8872 | D:9      | Killed a two-headed ogre
  8872 | D:9      | Reached skill level 9 in Fighting
  9319 | D:10     | Entered Level 10 of the Dungeon
  9319 | D:10     | Noticed a two-headed ogre
  9324 | D:10     | Killed a two-headed ogre
  9334 | D:10     | Noticed a white ugly thing
  9341 | D:10     | Killed a white ugly thing
  9342 | D:10     | Reached skill level 10 in Fighting
  9364 | D:10     | Identified the +6 scale mail of Repulsion {rF- rC+ rN++
                  | Stlth+}
  9500 | D:10     | Found a staircase to the Lair.
  9615 | D:10     | Reached XP level 11. HP: 95/99 MP: 14/14
  9732 | D:10     | Got a scintillating turquoise ring
  9734 | D:10     | Identified the ring of Kegypig {rElec rPois rF++ MR+ Int+4}
                  | (You found it on level 10 of the Dungeon)
  9887 | D:10     | Noticed Fannar
  9907 | D:10     | Killed Fannar
  9907 | D:10     | Reached skill level 10 in Armour
  9959 | D:10     | Noticed Nergalle
  9965 | D:10     | Killed Nergalle
 10454 | Lair:1   | Entered Level 1 of the Lair of Beasts
 11526 | Lair:2   | Noticed a four-headed hydra
 11556 | Lair:2   | Banished a four-headed hydra
 11845 | Lair:2   | Found a staircase to the Snake Pit.
 12012 | Lair:3   | Found a staircase to the Shoals.
 12154 | Lair:3   | Reached skill level 10 in Invocations
 12542 | Lair:5   | Noticed Urug
 12543 | Lair:5   | Banished Urug
 12549 | Lair:5   | Noticed Rupert
 12552 | Lair:5   | Reached skill level 11 in Fighting
 12554 | Lair:5   | Banished Rupert
 12554 | Lair:5   | Reached XP level 12. HP: 76/110 MP: 14/18
 12642 | Lair:5   | Noticed a four-headed hydra
 12647 | Lair:5   | Banished a four-headed hydra
 12938 | Lair:5   | Identified a +1 pair of boots of running (You found it on
                  | level 5 of the Lair of Beasts)
 12956 | Lair:6   | Entered Level 6 of the Lair of Beasts
 13027 | Lair:4   | Reached skill level 12 in Fighting
 13910 | Lair:2   | Reached skill level 13 in Fighting
 15595 | Lair:4   | You fall into a shaft and drop 2 floors!
 15624 | Lair:6   | Noticed a death yak
 15631 | Lair:6   | Noticed a death yak
 16377 | Lair:5   | Found a staircase to the Slime Pits.
 16417 | Lair:5   | Reached skill level 14 in Fighting
 16591 | Lair:5   | Noticed Sonja
 16595 | Lair:5   | Killed Sonja
 17780 | Lair:6   | Reached skill level 15 in Fighting
 17876 | Lair:5   | Killed a death yak
 17884 | Lair:5   | Killed a death yak
 18256 | Lair:6   | Reached skill level 5 in Dodging
 18359 | Lair:5   | Reached XP level 13. HP: 96/126 MP: 19/19
 20534 | Lair:6   | Reached skill level 10 in Dodging
 20604 | Lair:6   | Reached skill level 1 in Evocations
 20736 | Lair:6   | Reached ****** piety under Lugonu
 20894 | Lair:6   | Noticed a fire dragon
 21229 | Lair:6   | Found a large runed translucent door.
 21230 | Lair:6   | Found a large runed translucent door.
 22017 | D:11     | Reached skill level 5 in Evocations
 22572 | D:12     | HP: 3/126 [large abomination (23)]
 22573 | D:12     | Slain by a large abomination

Illustrated notes

Levels and vault maps discovered:
D:1:      ncdulo_smallfort, layout_basic
D:2:      layout_basic, uniq_natasha, uniq_jessica
D:3:      layout_basic, nicolae_overflow_hidden_temple, hangedman_decor_push
D:4:      layout_basic, fedhas_bush_and_centaur_altar,
          grunt_temple_overflow_open, gammafunk_temple_overflow_wave,
          minmay_temple_entry_fiery, cheibrodos_sewer_entry_bend
D:5:      layout_loops_corners, xom_redecorated, first_ration,
          cheibrodos_gnoll_hut
D:6:      layout_basic, minmay_guarded_unrand_staff_of_olgreb, uniq_grinder
D:7:      layout_basic, serial_shops, nicolae_shop_statue_plus
D:8:      layout_loops_ring, lemuel_doored_altar, basic_altar,
          blue_anna_alchemist [blue_anna_fruit_fields, blue_anna_fruit_fields]
D:9:      layout_small_grid
D:10:     layout_roguey, lair_entry_dummy, minmay_lizard_king, uniq_fannar,
          uniq_nergalle
D:11:     layout_loops_cross, minmay_misc_feat_tower, laboratory
D:12:     layout_basic, orc_0_dummy, uniq_jorgrun
Lair:1:   layout_regular_city, lemuel_fruit_fields
Lair:2:   layout_roguey, dummy_snake_entry, guppyfry_lair_drakes
Lair:3:   layout_gridlike, minmay_shoals_entry_centaurs, serial_bayou_pond_e
Lair:4:   layout_loops_ring
Lair:5:   layout_roguey, minmay_slime_entry_jelly_boxes, serial_bayou_shore_b,
          grunt_megastairs_4, uniq_urug, uniq_sonja, uniq_rupert
Lair:6:   cheibrodos_lair_end_hotspot, layout_regular_city, serial_bayou_lake_a

Skill      XL: |  1  2  3  4  5  6  7  8  9 10 11 12 13 |
---------------+----------------------------------------+-----
Fighting       | 4 5 6 8 10 11 15 | 15.0
Long Blades    | 5 7 9 13 | 13.9
Armour         | 6 8 10 | 10.0
Invocations    | 4 6 10 | 10.0
Dodging        | 5 10 | 10.0
Evocations     | 5 |  5.9
Short Blades   | |  0.5

Action                   |  1- 3 |  4- 6 |  7- 9 | 10-12 | 13-15 || total
-------------------------+-------+-------+-------+-------+-------++-------
Melee: Falchion          |    62 |   161 |   330 |    73 |       ||   626
       Headbutt          |     7 |    28 |    65 |   117 |    87 ||   304
       Unarmed           |       |       |     9 |       |       ||     9
       Great sword       |       |       |       |   429 |   280 ||   709
       Rapier            |       |       |       |     3 |       ||     3
Invok: Banish            |       |       |       |     6 |       ||     6
Evoke: Wand              |       |       |       |    12 |     3 ||    15
 Stab: Confused          |       |       |     1 |       |       ||     1
  Eat: Chunk             |     1 |     8 |    14 |    23 |    10 ||    56
       Ration            |       |       |     1 |     3 |     1 ||     5
Armor: Leather armour    |    27 |    16 |       |       |       ||    43
       Fire dragon scale |       |    40 |       |       |       ||    40
       Plate armour      |       |       |   191 |   273 |   144 ||   608
       Skin              |       |       |     1 |       |       ||     1
Dodge: Dodged            |    37 |    72 |    79 |   156 |   128 ||   472
       Rpst.: Falchion   |    12 |    27 |    26 |     2 |       ||    67
       Great sword       |       |       |       |    46 |    34 ||    80
